Map: Disco Bloodbath LE

Players

AGOElazer (Elazer) - Winner!

  • Race: Zerg Zerg
  • League: Master
  • Spawn Location: 3:00

LiquidTLO (TLO)

  • Race: Zerg Zerg
  • League: Master
  • Spawn Location: 9:00

Event: HomeStory Cup XX

VOD

Have the link to the VOD?

Description

Time

  • Played on: Nov. 21, 2019, 4:42 a.m.
  • Length: 8:08

All games in this series

Show
View Real Time Build Order
Export as new Build Order

AGOElazer Zerg - Winner!

Build Orders: Hatch First, Zergling Baneling 

Get SALT Encoding   

  12  0:00  Drone  
  13  0:12  Overlord  
  13  0:17  Drone  
  14  0:31  Drone x2  
  16  0:48  Hatchery  
  15  0:51  Drone  
  15  0:54  Drone  
  17  0:58  Drone  
  18  1:09  Extractor  
  17  1:13  Spawning Pool  
  17  1:16  Drone  
  17  1:19  Drone  
  18  1:28  Drone  
  19  1:40  Drone  
  20  1:51  Drone  
  21  1:59  Queen  
  21  2:00  Queen, Drone  
  21  2:01  Overlord  
  26  2:09  Metabolic Boost  
  26  2:11  Drone  
  26  2:12  Zergling x2  
  28  2:21  Drone  
  28  2:22  Drone  
  30  2:31  Drone  
  30  2:35  Hatchery  
  30  2:39  Drone  
  30  2:42  Drone  
  30  2:43  Drone  
  33  2:47  Baneling Nest  
  32  2:53  Overlord  
  32  2:54  Zergling x2  
  33  3:04  Drone  
  33  3:05  Zergling x2  
  35  3:07  Overlord  
  35  3:08  Drone  
  35  3:12  Drone x2  
  38  3:15  Queen  
  38  3:18  Zergling x2  
  41  3:20  Drone  
  41  3:23  Drone  
  43  3:28  Zergling x4  
  43  3:29  Evolution Chamber  
  43  3:32  Zergling x2  
  45  3:34  Baneling  
  45  3:38  Baneling  
  45  3:43  Zergling x2  
  45  3:44  Zergling x8  
  45  3:45  Zergling x2  
  48  3:50  Zergling x6  
  48  3:54  Baneling  
  45  3:58  Zerg Melee Weapons Level 1  
  45  4:00  Baneling  
  45  4:05  Zergling x6  
  45  4:09  Queen  
  49  4:12  Drone, Overlord  
  49  4:13  Drone  
  49  4:15  Baneling  
  52  4:17  Drone  
  52  4:27  Queen  
  52  4:28  Overlord  
  52  4:29  Drone x2  
  52  4:30  Drone  
  57  4:34  Drone x2  
  59  4:41  Overlord  
  58  4:47  Zergling x2  
  58  4:48  Zergling x4  
  58  4:50  Queen  
  63  4:53  Zergling x6  
  63  4:54  Baneling x3  
  66  5:01  Zergling x8  
  70  5:10  Zergling x6  
  70  5:12  Queen  
  71  5:18  Lair, Overlord  
  70  5:23  Drone x4  
  70  5:24  Drone  
  70  5:28  Drone x2  
  77  5:36  Overlord  
  77  5:38  Drone x2  
  78  5:44  Extractor  
  78  5:45  Extractor  
  78  5:46  Drone  
  78  5:48  Drone x2  
  78  5:49  Drone x3  
  82  6:02  Drone x3  
  83  6:10  Drone x5  
  88  6:15  Drone  
  88  6:21  Drone x4  
  88  6:24  Drone x2  
  93  6:30  Drone  
  93  6:34  Roach Warren  
  93  6:36  Overlord  
  89  6:41  Extractor, Spine Crawler x2, Overlord  
  89  6:42  Queen x3  
  89  6:43  Extractor, Zergling x2  
  89  6:44  Zergling x8  
  89  6:46  Zergling x2  
  97  6:47  Baneling x2  
  97  6:48  Baneling  
  97  6:55  Extractor, Overlord  
  97  6:56  Zergling x4, Spire  
  97  7:12  Hatchery  
  90  7:27  Zergling x18  
  90  7:28  Zergling x4  
  101  7:36  Overlord  
  96  7:46  Zergling x12  
Show
View Real Time Build Order
Export as new Build Order

LiquidTLO Zerg 

Build Orders: Hatch First 

Get SALT Encoding   

  12  0:00  Drone  
  13  0:12  Overlord  
  13  0:16  Drone  
  14  0:31  Drone x2  
  16  0:48  Hatchery  
  15  0:51  Drone  
  15  0:55  Drone  
  17  0:58  Drone  
  18  1:05  Extractor  
  17  1:13  Spawning Pool  
  17  1:16  Drone  
  17  1:19  Drone  
  18  1:28  Drone  
  19  1:39  Drone  
  20  1:50  Overlord  
  20  2:00  Queen x2  
  24  2:04  Zergling x2  
  24  2:05  Metabolic Boost  
  25  2:10  Zergling x2  
  27  2:22  Zergling x2  
  27  2:28  Hatchery  
  27  2:29  Zergling x2  
  27  2:33  Zergling x2  
  27  2:35  Zergling x2  
  29  2:38  Zergling x2  
  29  2:42  Zergling x2  
  29  2:43  Zergling x2  
  32  2:46  Zergling x2  
  33  2:53  Zergling x2  
  33  2:55  Zergling x2  
  35  3:06  Overlord  
  35  3:07  Zergling x2  
  36  3:14  Overlord  
  36  3:26  Zergling x12  
  40  3:35  Drone  
  40  3:39  Drone x2  
  40  3:41  Drone x2  
  44  3:42  Drone  
  44  3:46  Drone  
  44  3:48  Drone  
  46  3:51  Drone  
  44  3:59  Zergling x2  
  44  4:00  Baneling Nest  
  43  4:05  Drone x2  
  43  4:08  Drone  
  44  4:10  Drone  
  44  4:13  Zergling x2  
  46  4:22  Zergling x4, Queen  
  50  4:24  Zergling x2  
  50  4:27  Overlord  
  51  4:31  Drone  
  51  4:32  Drone  
  51  4:33  Drone  
  51  4:35  Drone  
  51  4:37  Drone  
  56  4:39  Drone  
  56  4:41  Drone  
  56  4:44  Baneling x4  
  58  4:48  Extractor, Drone  
  58  4:49  Drone  
  59  4:57  Overlord  
  59  4:58  Drone  
  59  4:59  Drone x2  
  61  5:01  Zergling x2  
  61  5:02  Zergling x2  
  61  5:03  Zergling x2  
  61  5:06  Zergling x2  
  61  5:07  Zergling x2  
  61  5:11  Zergling x2  
  61  5:12  Zergling x2  
  61  5:13  Drone  
  62  5:16  Drone  
  62  5:18  Drone  
  64  5:22  Lair  
  64  5:24  Extractor, Drone  
  64  5:25  Extractor  
  64  5:26  Drone  
  64  5:30  Evolution Chamber  
  64  5:35  Drone, Baneling x2  
  64  5:37  Drone  
  64  5:38  Drone  
  64  5:39  Drone  
  64  5:40  Drone x2  
  68  5:45  Drone  
  68  5:46  Drone  
  68  5:47  Roach Warren  
  68  5:49  Drone  
  70  5:56  Zerg Missile Weapons Level 1  
  68  5:58  Overlord  
  68  5:59  Drone  
  68  6:00  Drone x2  
  68  6:01  Drone  
  68  6:02  Drone  
  65  6:04  Drone  
  65  6:06  Drone  
  65  6:08  Drone  
  65  6:10  Drone  
  69  6:12  Drone  
  68  6:21  Baneling x2  
  68  6:22  Nydus Network  
  68  6:24  Drone  
  68  6:25  Drone, Baneling  
  67  6:26  Drone  
  67  6:27  Overlord  
  68  6:35  Drone  
  68  6:37  Drone  
  64  6:42  Drone x2, Spire  
  64  6:43  Drone  
  67  6:48  Drone x2  
  67  6:51  Drone x2  
  71  6:54  Drone  
  71  6:58  Extractor x2, Drone  
  71  6:59  Drone  
  71  7:00  Drone  
  73  7:03  Drone  
  73  7:06  Drone  
  75  7:12  Drone x2  
  75  7:15  Drone  
  71  7:16  Drone x2  
  71  7:18  Drone  
  71  7:20  Drone  
  71  7:21  Drone  
  74  7:24  Queen  
  74  7:27  Queen  
  78  7:31  Baneling x2  
  78  7:33  Zergling x4  
  78  7:34  Zergling x2  
  76  7:45  Zergling x2  
  76  7:49  Zergling x2  
  76  7:50  Drone  
  70  7:52  Baneling  
  70  7:54  Baneling x2  
Tags
 
Add a new tag
Caveats
  • Supply blocks, unpowered buildings, or Contaminate may cause inaccurate times.
  • Supply counts are checked every 10 seconds.